 Dungeon Crawl Stone Soup version 0.29.1-1-gd02db6906a (webtiles) character file.

Game seed: 7949953363164100975

13041 EvilAshe the Carver (level 12, -2/97 HPs)
             Began as a Human Fighter on Sept 27, 2022.
             Was a Priest of the Shining One.
             Slain by an ice beast (10 damage)
             ... summoned by an ice statue
             ... in an ice cave on Sept 28, 2022.
             The game lasted 00:41:28 (16201 turns).

EvilAshe the Carver (Human Fighter)                Turns: 16201, Time: 00:41:29

Health: -2/97      AC: 24    Str: 20    XL:     12   Next: 27%
Magic:  12/12      EV: 10    Int:  8    God:    the Shining One [***...]
Gold:   726        SH:  4    Dex: 12    Spells: 11/11 levels left

rFire   + . .      SeeInvis .   a - +1 long sword (protect)
rCold   . . .      Faith    .   c - +0 buckler
rNeg    + . .      Spirit   .   D - +4 ring mail "Teviocw" {rF+ Int-3 Slay+2}
rPois   .          Reflect  .   o - +2 helmet
rElec   .          Harm     .   (no cloak)
rCorr   .          Rampage  .   (no gloves)
Will    .....                   x - +1 pair of boots
Stlth   +.........              A - amulet of the acrobat
HPRegen 0.26/turn               F - +4 ring of slaying
MPRegen 0.13/turn               (no ring)

@: under a protective aura, glowing
A: no striking features
a: Renounce Religion, Divine Shield, Cleansing Flame


You were in an ice cave.
You worshipped the Shining One.
The Shining One was most pleased with you.
You visited 2 branches of the dungeon, and saw 12 of its levels.
You also visited: Ice Cave.

You collected 726 gold pieces.

Inventory:

Hand Weapons
 a - a +1 long sword of protection (weapon)
Missiles
 e - 94 stones
 E - 6 poisoned darts (quivered)
Armour
 b - a +0 scale mail
 c - a +0 buckler (worn)
 o - a +2 helmet (worn)
 x - a +1 pair of boots (worn)
 D - the +4 ring mail "Teviocw" (worn) {rF+ Int-3 Slay+2}
   (You took it off a goblin on level 4 of the Dungeon)

   Int:       It affects your intelligence (-3).
   Slay:      It affects your accuracy & damage with ranged weapons and melee
   (+2).
   rF:        It protects you from fire.
Jewellery
 l - an amulet of magic regeneration
 A - an amulet of the acrobat (around neck)
 F - a +4 ring of slaying (left hand)
 J - a ring of magical power
 L - an amulet of reflection
 M - an amulet of guardian spirit
Wands
 s - a wand of charming (11)
 H - a wand of polymorph (7)
 I - a wand of roots (15)
 O - a wand of mindburst (20)
 Q - a wand of light (5)
Scrolls
 g - 4 scrolls of teleportation
 i - a scroll of summoning
 j - a scroll of amnesia
 q - 2 scrolls of butterflies
 w - a scroll of blinking
 y - 2 scrolls of enchant armour
 B - a scroll of poison
 K - 2 scrolls of vulnerability
 N - 2 scrolls of brand weapon
 P - 4 scrolls of identify
Potions
 d - 3 potions of might
 f - 3 potions of flight
 h - 2 potions of magic
 n - 2 potions of haste
 p - a potion of mutation
 r - 2 potions of lignification
 t - 6 potions of brilliance
 C - 2 potions of attraction
 G - 2 potions of curing


   Skills:
 + Level 9.6 Fighting
 * Level 12.9 Long Blades
 + Level 9.6 Armour
 - Level 3.0 Shields
 + Level 0.6 Invocations
 + Level 5.5 Evocations


You had 11 spell levels left.
You didn't know any spells.
Your spell library contained the following spells:

 Spells                   Type           Power      Damage    Failure   Level
 Slow                     Hex            0%         N/A       65%         1
 Blink                    Tloc           0%         N/A       80%         2
 Ensorcelled Hibernation  Hex/Ice        0%         N/A       80%         2
 Passwall                 Tmut/Erth      0%         N/A       80%         2
 Sublimation of Blood     Necr           0%         N/A       80%         2
 Wereblood                Tmut           0%         N/A       80%         2
 Confusing Touch          Hex            0%         N/A       95%         3
 Swiftness                Air            0%         N/A       95%         3
 Vampiric Draining        Necr           0%         2d6       95%         3
 Iskenderun's Mystic Bla  Conj/Tloc      0%         2d3       100%        4
 Petrify                  Tmut/Erth      0%         N/A       100%        4
 Irradiate                Conj/Tmut      0%         3d11      100%        5
 Manifold Assault         Tloc           0%         N/A       100%        5
 Storm Form               Tmut/Air       0%         N/A       100%        7
 Summon Hydra             Summ           0%         N/A       100%        7
 Disjunction              Tloc           0%         N/A       100%        8
 Necromutation            Tmut/Necr      0%         N/A       100%        8


Dungeon Overview and Level Annotations

Branches:
Dungeon (11/15)            Temple (1/1) D:7            Lair (0/5) D:9
    Orc (0/2) D:10          IceCv (1/1)

Altars:
Ashenzari
Cheibriados
Dithmenos
Elyvilon
Fedhas
Gozag
Hepliaklqana
Kikubaaqudgha
Makhleb
Nemelex Xobeh
Okawaru
Qazlal
Ru
Sif Muna
Trog
Uskayaw
Vehumet
Wu Jian
Xom
Yredelemnul
Zin
The Shining One

Shops:
D:2 *   D:3 [   D:4 [   D:9 *

Annotations:
D:4 2 runed translucent doors, dittoslash's ghost, amateur GnWr
D:7 3 runed translucent doors, mcbry74's ghost, novice MfSu
D:9 Amaemon
D:11 Fannar IceCv exclusion: 2 ice statues


Message History

The ice beast is heavily wounded.
The ice beast hits you but does no damage.
The ice beast closely misses you. The ice beast barely misses you.
You barely miss the ice beast.
The ice beast is heavily wounded.
The ice beast misses you.
You slash the ice beast!
The ice beast is almost dead.
The ice beast barely misses you. You block the ice beast's attack.
You slash the ice beast!
You kill the ice beast!
The ice beast disappears in a puff of smoke!
The ice beast hits you but does no damage. x2
You barely miss the ice beast.
The ice beast hits you but does no damage.
The ice beast closely misses you.
You slash the ice beast!
The ice beast is heavily wounded.
The ice beast hits you. The ice beast freezes you!
* * * LOW HITPOINT WARNING * * *
The ice beast hits you but does no damage.
You slash the ice beast!
The ice beast is almost dead.
The ice beast hits you.
* * * LOW HITPOINT WARNING * * *
The ice beast freezes you!
* * * LOW HITPOINT WARNING * * *
You hit the ice beast but do no damage.
The ice beast is almost dead.
The ice beast closely misses you.
You slash the ice beast!
You kill the ice beast!
The ice beast disappears in a puff of smoke!
The ice beast hits you but does no damage.
You slash the ice beast!
The ice beast is moderately wounded.
The ice beast hits you.
* * * LOW HITPOINT WARNING * * *
The ice beast freezes you!
You die...

##..∩..##
#.......#
#...∩...#
##.....##
##...##
#...##
##...#
##...#
##.§@##
#..Y## #..##
##..## ##.Y#
####..##
#8#.°..#8###
#...°......#
#..°........


You could see an ice beast (summoned).

Vanquished Creatures
  Josephine (D:10)
  A two-headed ogre (D:10)
  Pikel (D:3)
  An unseen horror (D:11)
  An ice devil (IceCv)
  2 kobold demonologists (D:11)
  A troll (D:11)
  Prince Ribbit (D:7)
  2 hornets
  5 wraiths
  16 yaks
  4 wyverns
  Grum (D:9)
  3 steam dragons
  A death yak simulacrum (IceCv)
  3 wargs (D:10)
  2 acid dragons
  2 water moccasins
  Duvessa (D:7)
  5 orc warriors
  A black bear (D:8)
  2 ice beasts
  An ogre (D:5)
  4 wolves
  3 centaurs
  2 lemures (D:3)
  2 phantoms
  3 kobold brigands
  3 bullfrogs
  6 scorpions
  3 necrophages
  A two-headed ogre simulacrum (IceCv)
  A gnoll sergeant (D:7)
  Dowan (D:7)
  18 killer bees
  A howler monkey (D:5)
  A hound (D:6)
  5 jellies
  6 orc priests
  2 iguanas (D:4)
  A gnoll bouda (D:6)
  9 orc wizards
  2 spriggan simulacra (IceCv)
  12 gnolls
  9 adders
  2 naga simulacra (D:11)
  A shadow imp (D:7)
  2 white imps
  4 ufetubi
  2 worms
  A dart slug (D:4)
  22 orcs
  9 ball pythons
  6 bats
  9 endoplasms
  3 giant cockroaches
  6 goblins
  5 hobgoblins
  3 quokkas
  2 frilled lizards
  24 kobolds
  6 rats
260 creatures vanquished.

Vanquished Creatures (others)
  A bush (D:9)
  2 fungi (D:9)
  18 plants (D:9)
21 creatures vanquished.

Grand Total: 281 creatures vanquished

Notes
Turn   | Place    | Note
-------+----------+-------------------------------------------
     0 | D:1      | EvilAshe the Human Fighter began the quest for the Orb.
     0 | D:1      | Reached XP level 1. HP: 18/18 MP: 1/1
   480 | D:1      | Reached XP level 2. HP: 24/24 MP: 2/2
   805 | D:1      | Reached XP level 3. HP: 29/29 MP: 3/3
  1485 | D:2      | Found Celut's General Store.
  1535 | D:2      | Reached skill level 3 in Long Blades
  1670 | D:2      | Reached XP level 4. HP: 22/35 MP: 4/4
  1923 | D:2      | Found a shimmering altar of Xom.
  2055 | D:2      | Found a faded altar of an unknown god.
  2752 | D:3      | Found Neiritteag's Antique Armour Shoppe.
  3214 | D:3      | Reached XP level 5. HP: 42/42 MP: 5/5
  3696 | D:4      | Noticed a bullfrog
  3696 | D:4      | Noticed dittoslash's ghost (amateur GnWr)
  3696 | D:4      | Found a runed translucent door.
  3738 | D:4      | Found a runed translucent door.
  3839 | D:4      | Reached skill level 4 in Long Blades
  3839 | D:4      | Reached XP level 6. HP: 20/48 MP: 6/6
  4107 | D:4      | Found Joirphevytu's Armour Shop.
  4457 | D:4      | Noticed Pikel
  4467 | D:5      | Entered Level 5 of the Dungeon
  4820 | D:5      | Reached skill level 5 in Long Blades
  5178 | D:4      | Reached XP level 7. HP: 46/55 MP: 7/7
  6243 | D:4      | Identified the +4 ring mail "Teviocw" {rF+ Int-3 Slay+2}
  6324 | D:4      | Reached skill level 5 in Fighting
  6324 | D:4      | Reached skill level 6 in Long Blades
  6324 | D:4      | Reached skill level 5 in Armour
  6386 | D:4      | Reached XP level 8. HP: 41/62 MP: 8/8
  6741 | D:3      | Killed Pikel
  6742 | D:3      | Reached skill level 7 in Long Blades
  7664 | D:5      | Reached XP level 9. HP: 69/69 MP: 9/9
  7984 | D:6      | Reached skill level 8 in Long Blades
  8008 | D:6      | Got the Grimoire of Transmogrification and Direction
  8646 | D:7      | Noticed Dowan
  8647 | D:7      | Noticed Duvessa
  8722 | D:7      | Found a runed translucent gate.
  8775 | D:7      | Found a runed translucent gate.
  8776 | D:7      | Found a runed translucent gate.
  8776 | D:7      | Noticed a troll
  8776 | D:7      | Noticed mcbry74's ghost (novice MfSu)
  8922 | D:7      | Killed Duvessa
  8923 | D:7      | Reached skill level 9 in Long Blades
  8931 | D:7      | Killed Dowan
  9018 | D:7      | Found a staircase to the Ecumenical Temple.
  9022 | Temple   | Entered the Ecumenical Temple
  9265 | Temple   | Became a worshipper of the Shining One
  9432 | D:7      | Noticed a hornet
  9444 | D:7      | Killed a hornet
  9644 | D:7      | Noticed Prince Ribbit
  9654 | D:7      | Killed Prince Ribbit
  9655 | D:7      | Reached XP level 10. HP: 73/79 MP: 10/10
 10138 | D:8      | Reached skill level 10 in Long Blades
 11186 | D:9      | Found a staircase to the Lair.
 11206 | D:8      | Reached skill level 1 in Evocations
 11347 | D:9      | Noticed Grum
 11484 | D:9      | Reached * piety under the Shining One
 11484 | D:9      | Found Vahef's General Store.
 11588 | D:8      | Reached skill level 11 in Long Blades
 11739 | D:9      | Reached XP level 11. HP: 87/87 MP: 11/11
 11862 | D:9      | Noticed Amaemon
 12035 | D:9      | Killed Grum
 13348 | D:9      | Found an opulent altar of Gozag.
 13412 | D:10     | Entered Level 10 of the Dungeon
 14045 | D:10     | Reached skill level 12 in Long Blades
 14549 | D:10     | Found a staircase to the Orcish Mines.
 14564 | D:10     | Noticed a two-headed ogre
 15002 | D:10     | Killed a two-headed ogre
 15181 | D:11     | Noticed Fannar
 15192 | D:11     | Reached ** piety under the Shining One
 15312 | D:11     | Reached skill level 5 in Evocations
 15312 | D:11     | Reached XP level 12. HP: 78/96 MP: 12/12
 15316 | D:11     | Noticed Josephine
 15410 | D:10     | Killed Josephine
 15626 | D:11     | Found a frozen archway.
 15642 | IceCv    | Entered an ice cave
 15815 | IceCv    | Reached *** piety under the Shining One
 16201 | IceCv    | Slain by an ice beast

Illustrated notes

Levels and vault maps discovered:
D:1:      dpeg_arrival_round_a, layout_loops_corners
D:2:      layout_loops_ring, basic_altar, serial_shops, nicolae_diamond_shop,
          shapermc_ecumenical_altar_gd, chequers_jeans
D:3:      layout_loops_ring, serial_shops, shop_statue
D:4:      layout_cave_pools, serial_shops, nicolae_square_shop,
          ebering_ghost_sewer_f, nzn_random_ring, uniq_pikel
D:5:      layout_rooms, kennysheep_small_circle
D:6:      layout_rooms, kennysheep_another_room
D:7:      layout_cave_pools, minmay_temple_entry_glassed_door,
          gammafunk_ghost_split, uniq_duvessa, uniq_prince_ribbit1
D:8:      layout_cave_pools
D:9:      layout_roguey, old_standard_altar, minmay_lair_entry_grove,
          serial_shops, nicolae_shop_crystal, uniq_grum, uniq_amaemon
D:10:     layout_long_grid, david_orc_1_choice
D:11:     layout_rooms, portal_ice_cave_entry_ice_simulacra,
          nicolae_shop_clearance, uniq_josephine, uniq_fannar
Temple:   mainiacjoe_temple_starburst
IceCv:    ice_cave_small_demon

Skill      XL: |  1  2  3  4  5  6  7  8  9 10 11 |
---------------+----------------------------------+-----
Long Blades    | 3 4 5 6 7 9 11 12 | 12.9
Fighting       | 4 5 6 7 8 9 |  9.6
Armour         | 4 5 6 7 8 9 |  9.6
Evocations     | 2 5 |  5.5
Shields        | |  3.0
Invocations    | |  0.6

Action                   |  1- 3 |  4- 6 |  7- 9 | 10-12 || total
-------------------------+-------+-------+-------+-------++-------
Melee: Long sword        |   106 |   182 |   337 |   639 ||  1264
Throw: Stone             |       |    11 |     2 |    26 ||    39
       Boomerang         |       |     4 |    15 |     2 ||    21
       Dart              |       |       |    18 |    21 ||    39
Evoke: Wand              |       |       |     2 |       ||     2
  Use: Potion            |       |     3 |       |       ||     3
       Scroll            |       |    11 |       |    16 ||    27
Armor: Scale mail        |    66 |    83 |    66 |       ||   215
       Ring mail         |       |       |   110 |   323 ||   433
Dodge: Dodged            |    52 |    71 |   153 |   311 ||   587
Block: Buckler           |    34 |    34 |    73 |   123 ||   264
